 Dungeon Crawl Stone Soup version 0.22-a0-785-g6253c82ace (webtiles) character file.

169 Holzbalken the Cudgeler (level 5, -4/32 HPs)
             Began as a Gargoyle Monk on July 20, 2018.
             Slain by Sigmund
             ... wielding a +0 scythe
              (11 damage)
             ... on level 2 of the Dungeon.
             The game lasted 00:06:22 (1468 turns).

Holzbalken the Cudgeler (Gargoyle Monk)             Turns: 1468, Time: 00:06:22

Health: -4/32      AC:  9    Str: 16    XL:     5   Next: 50%
Magic:  5/5        EV: 11    Int: 10    God:
Gold:   65         SH:  0    Dex: 12    Spells: 4/4 levels left

rFire    . . .     SeeInvis .   a - +0 mace
rCold    . . .     Gourm    .   (no shield)
rNeg     + . .     Faith    .   m - +0 ring mail
rPois    ∞         Spirit   .   (no helmet)
rElec    +         Reflect  .   (no cloak)
rCorr    .         Harm     .   (no gloves)
MR       .....                  (no boots)
Stlth    +.........             k - amulet of regeneration
HPRegen  0.50/turn              (no ring)
MPRegen  0.09/turn              (no ring)

@: no status effects
A: negative energy resistance 1, electricity resistance, unbreathing,
petrification resistance, rot immunity, AC +4
a: no special abilities


You were on level 2 of the Dungeon.
You were not hungry.

You visited 1 branch of the dungeon, and saw 2 of its levels.

You collected 65 gold pieces.

Inventory:

Hand Weapons
 a - a +0 mace (weapon)
Armour
 b - a +0 robe
 d - a +0 leather armour
 m - a +0 ring mail (worn)
Jewellery
 k - an amulet of regeneration (around neck)
Wands
 s - a wand of paralysis (13)
Scrolls
 e - 2 scrolls of enchant armour {unknown}
 f - a scroll of fog {unknown}
 h - 3 scrolls of remove curse {unknown}
 j - a scroll of identify {unknown}
 o - 3 scrolls of blinking {unknown}
 p - a scroll of teleportation {unknown}
 q - a scroll of amnesia {unknown}
Potions
 g - a potion of haste {unknown}
 i - a potion of agility {unknown}
 l - a potion of brilliance {unknown}
 n - 2 potions of curing {unknown}
 r - a potion of berserk rage {unknown}
Comestibles
 c - a ration


   Skills:
 - Level 3.2 Fighting
 + Level 6.0 Maces & Flails
 - Level 2.4 Dodging
 - Level 2.1 Stealth


You had 4 spell levels left.
You didn't know any spells.
Your spell library was empty.

Dungeon Overview and Level Annotations

Branches:
Dungeon (2/15)

Altars:

Annotations:
D:2 Sigmund


Innate Abilities, Weirdness & Mutations

You are resistant to torment.
Your stone body is resilient. (AC +4)
You are immune to poison.
You resist negative energy. (rN+)
You are resistant to electric shocks. (rElec)
You can survive without breathing.
You are immune to petrification.
You are immune to rotting.


Message History

Something hits you.
You hear some strange, mumbled words.
A magic dart appears from out of thin air!
The magic dart hits you! Something hits you. Something hits you!
A magic dart appears from out of thin air!
The magic dart hits you!
Things that are here:
a club; a kobold corpse Something completely misses you.
You hit something. You closely miss something. Something hits you.
You closely miss something. Something hits you.
You barely miss something. Something barely misses you.
You miss something. You miss something. Something hits you.
* * * LOW HITPOINT WARNING * * *
You hit something. Something hits you!
You die...

.# .. .# #### .#
..<#####.###### .#
##............#### .#
######..........# .#
#######...###.##.# .#
.........## #.##@# .#
########)# #.##{# .# #.#
#.##.#####.#
######.####..........#
#..............###...###
#.##<###########.......#
# #.##.# #.......# #
#.##># #.!.....# #
#.##.# #.....###


There were no monsters in sight!

Vanquished Creatures
  Jessica (D:2)
  Natasha (twice) (D:2)
  4 adders (D:2)
  2 oozes (D:1)
  3 leopard geckos (D:2)
  4 goblins
  5 hobgoblins
  4 jackals (D:1)
  9 kobolds
  2 quokkas (D:2)
  2 bats
  4 frilled lizards
  7 rats
49 creatures vanquished.

Notes
Turn   | Place    | Note
-------+----------+-------------------------------------------
     0 | D:1      | Holzbalken the Gargoyle Monk began the quest for the Orb.
     0 | D:1      | Reached XP level 1. HP: 14/14 MP: 1/1
    62 | D:1      | Reached XP level 2. HP: 10/19 MP: 2/2
   533 | D:1      | Reached skill level 4 in Maces & Flails
   653 | D:1      | Reached XP level 3. HP: 23/23 MP: 3/3
  1000 | D:2      | Noticed Jessica
  1012 | D:2      | Reached XP level 4. HP: 9/28 MP: 4/4
  1016 | D:2      | Killed Jessica
  1016 | D:2      | Reached skill level 5 in Maces & Flails
  1147 | D:2      | Noticed Natasha
  1151 | D:2      | Killed Natasha
  1151 | D:2      | Reached XP level 5. HP: 32/32 MP: 5/5
  1175 | D:2      | Noticed Natasha
  1191 | D:2      | Killed Natasha
  1350 | D:2      | Noticed Sigmund
  1406 | D:2      | Reached skill level 6 in Maces & Flails
  1468 | D:2      | Slain by Sigmund

Vault maps used:
D:1:      dpeg_arrival_rooms_b, hangedman_decor_peaks_small, serial_bayou_ford_a
D:2:      uniq_natasha, uniq_jessica, uniq_sigmund

Skill      XL: |  1  2  3  4  5 |
---------------+----------------+-----
Maces & Flails | 4 5 6 |  6.0
Fighting       | |  3.2
Dodging        | |  2.4
Stealth        | |  2.1

Action                   |  1- 3 |  4- 6 || total
-------------------------+-------+-------++-------
Melee: Mace              |   116 |    65 ||   181
 Stab: Sleeping          |     2 |       ||     2
  Eat: Chunk             |       |     2 ||     2
Armor: Leather armour    |    14 |       ||    14
       Ring mail         |    56 |    47 ||   103
Dodge: Dodged            |    95 |    55 ||   150

Table legend:
 A = Spawn XP
 B = Non-spawn XP
 C = Spawn XP percentage of total XP
 D = Spawn monster count
 E = Non-spawn monster count
 F = Spawn count percentage of total count
 G = Total turns spent on level
                    A         B        C        D         E        F      G
               +---------+---------+-------+---------+---------+-------+---------
         Total |       0 |     242 |   0.0 |       0 |      49 |   0.0 |  1468
               +---------+---------+-------+---------+---------+-------+---------
           D:1 |       0 |      46 |   0.0 |       0 |      23 |   0.0 |   863
           D:2 |       0 |     196 |   0.0 |       0 |      26 |   0.0 |   605
               +---------+---------+-------+---------+---------+-------+---------
